 Dungeon Crawl Stone Soup version 0.27-a0-492-ga4bb394fd4 (webtiles) character file.

Game seed: 10384112590607953492

3549 Nattfarinn the Fighter (level 10, -17/95 HPs)
             Began as a Hill Orc Fighter on Mar 2, 2021.
             Killed by the air
             ... invoked by Gastronok
              (29 damage)
             ... on level 8 of the Dungeon.
             The game lasted 00:13:46 (8683 turns).

Nattfarinn the Fighter (Hill Orc Fighter)           Turns: 8683, Time: 00:13:47

Health: -17/95     AC: 17    Str: 21    XL:     10   Next: 9%
Magic:  10/10      EV:  9    Int:  8    God:
Gold:   475        SH: 15    Dex: 12    Spells: 9/9 levels left

rFire    . . .     SeeInvis +   a - +1 war axe
rCold    . . .     Faith    .   c - +0 kite shield
rNeg     . . .     Spirit   .   l - +0 plate armour
rPois    .         Reflect  .   (no helmet)
rElec    .         Harm     .   (no cloak)
rCorr    .         Rampage  .   i - +0 pair of gloves
Will     .....                  w - +1 pair of boots
Stlth    ..........             (no amulet)
HPRegen  0.25/turn              g - +4 ring of evasion
MPRegen  0.12/turn              q - ring of see invisible

@: no status effects
A: large bone plates 1, MP-powered wands
a: no special abilities


You were on level 8 of the Dungeon.
You visited 2 branches of the dungeon, and saw 9 of its levels.

You collected 475 gold pieces.

Inventory:

Hand Weapons
 a - a +1 war axe (weapon)
Armour
 b - a +0 scale mail
 c - a +0 kite shield (worn)
 i - a +0 pair of gloves (worn)
 l - a +0 plate armour (worn)
 t - a +0 chain mail
 w - a +1 pair of boots (worn)
Jewellery
 g - a +4 ring of evasion (left hand)
 k - a ring of wizardry
 p - a ring of magical power
 q - a ring of see invisible (right hand)
Wands
 j - a wand of paralysis (6)
 s - a wand of iceblast (5)
 y - a wand of digging (4)
Scrolls
 d - 2 scrolls of amnesia
 e - 3 scrolls of blinking
 m - 4 scrolls of teleportation
 o - a scroll of immolation
 u - a scroll of magic mapping
Potions
 f - a potion of curing
 n - 2 potions of flight
 r - a potion of cancellation


   Skills:
 * Level 11.1 Fighting
 + Level 8.7 Axes
 + Level 7.6 Armour
 + Level 7.7 Shields


You had 9 spell levels left.
You didn't know any spells.
Your spell library was empty.

Dungeon Overview and Level Annotations

Branches:
Dungeon (8/15)             Temple (1/1) D:6
   Lair: D:8-11

Altars:
Ashenzari
Cheibriados
Dithmenos
Elyvilon
Fedhas
Gozag
Hepliaklqana
Kikubaaqudgha
Makhleb
Qazlal
Ru
Sif Muna
Trog
Uskayaw
Vehumet
Wu Jian
Xom
Yredelemnul
Zin
The Shining One

Shops:
D:6 :

Annotations:
D:6 2 transporters, Tewichka's ghost, novice DsHu
D:7 2 transporters, TimeIsEndless's ghost, novice DECj
D:8 Gastronok; Grum


Innate Abilities, Weirdness & Mutations

You are partially covered in large bone plates. (SH +4)
You expend magic power (3 MP) to strengthen your wands.


Message History

Gastronok is lightly wounded.
Gastronok chants a spell, wobbling all the while.
You feel sluggish.
You slash Gastronok!
Gastronok is moderately wounded.
You slash Gastronok!
Gastronok is moderately wounded.
Gastronok bites you!!
Okay, then.
Your shield and plate armour prevent you from hitting Gastronok.
Gastronok is moderately wounded.
You slash Gastronok!
Gastronok is moderately wounded.
Gastronok bites you!!
You slash Gastronok!
Gastronok is moderately wounded.
Gastronok waves his eye-stalks in wide circles.
The air twists around and strikes you!!
* * * LOW HITPOINT WARNING * * *
You slash Gastronok!
Gastronok is heavily wounded.
You slash Gastronok!
Gastronok is heavily wounded.
You block Gastronok's attack.
You slash Gastronok!
Gastronok is heavily wounded.
You hit Gastronok.
Gastronok is severely wounded.
Gastronok chants a spell, wobbling all the while.
Gastronok puts on a burst of speed!
You hit Gastronok.
Gastronok is severely wounded.
You block Gastronok's attack.
You slash Gastronok!
Gastronok is severely wounded.
You slash Gastronok!
Gastronok is severely wounded.
Gastronok waves his eye-stalks in wide circles.
The air twists around and strikes you!!
You die...

...#
...#..######.).##
...# #.....#
##)..### .###
.....###.....#.. .
. #.....†....... .
...##.............
....?.............
..................
..............##..
..###...@..#..# ..
. #...w####...
#...... ....
.......... ...
#.#........
####........
..#.......
..##........
.......


You could see Gastronok (swift).

Vanquished Creatures
  Harold (D:7)
  Prince Ribbit (D:7)
  A wyvern (D:7)
  2 ice beasts
  An orc warrior (D:8)
  2 ogres
  4 wolves (D:7)
  2 centaurs
  2 phantoms
  2 bullfrogs
  A wyvern skeleton (D:6)
  A bullfrog zombie (D:4)
  3 howler monkeys (D:7)
  6 hounds
  2 quasits (D:5)
  A bullfrog skeleton (D:2)
  A gnoll shaman (D:5)
  An orc priest (D:6)
  A centaur skeleton (D:5)
  Jessica (D:2)
  Terence (D:2)
  An iguana (D:5)
  3 worker ants
  13 orc wizards
  A hound skeleton (D:4)
  A howler monkey zombie (D:5)
  A worker ant zombie (D:5)
  8 gnolls
  5 adders
  2 shadow imps
  A white imp (D:5)
  An ufetubus (D:5)
  An adder skeleton (D:4)
  2 dart slugs
  2 worms
  22 orcs
  5 bats
  5 giant cockroaches
  5 hobgoblins
  11 jackals
  3 kobolds
  2 quokkas
  2 ball pythons
  7 frilled lizards
  3 goblins
  9 rats
153 creatures vanquished.

Vanquished Creatures (others)
  3 plants (D:2)
3 creatures vanquished.

Grand Total: 156 creatures vanquished

Notes
Turn   | Place    | Note
-------+----------+-------------------------------------------
     0 | D:1      | Nattfarinn the Hill Orc Fighter began the quest for the
                  | Orb.
     0 | D:1      | Reached XP level 1. HP: 19/19 MP: 1/1
   477 | D:1      | Reached XP level 2. HP: 27/27 MP: 2/2
   700 | D:1      | Reached skill level 4 in Fighting
  1545 | D:2      | Reached XP level 3. HP: 32/34 MP: 3/3
  1621 | D:2      | Noticed Terence
  1622 | D:2      | Noticed Jessica
  1628 | D:2      | Killed Jessica
  1629 | D:2      | Reached XP level 4. HP: 32/41 MP: 4/4
  1629 | D:2      | Killed Terence
  1719 | D:2      | Reached skill level 5 in Fighting
  1888 | D:2      | Reached XP level 5. HP: 48/48 MP: 5/5
  2370 | D:3      | Found a sacrificial altar of Ru.
  3419 | D:4      | Noticed a phantom
  3428 | D:4      | Killed a phantom
  3429 | D:4      | Reached XP level 6. HP: 57/57 MP: 6/6
  3445 | D:4      | Reached skill level 6 in Fighting
  3964 | D:4      | Found an ornate altar of the Wu Jian Council.
  4067 | D:4      | Reached XP level 7. HP: 64/64 MP: 7/7
  4226 | D:5      | Entered Level 5 of the Dungeon
  4312 | D:5      | Reached skill level 5 in Axes
  4337 | D:5      | Reached skill level 5 in Armour
  4337 | D:5      | Reached skill level 5 in Shields
  4353 | D:5      | Reached skill level 7 in Fighting
  4554 | D:5      | Reached XP level 8. HP: 52/73 MP: 8/8
  5458 | D:6      | Reached skill level 8 in Fighting
  5573 | D:6      | Found a transporter.
  5584 | D:6      | Found a transporter.
  5599 | D:6      | Noticed Tewichka's ghost (novice DsHu)
  5735 | D:6      | Found a staircase to the Ecumenical Temple.
  5875 | D:6      | Found Wegenunk's Book Shop.
  6226 | D:7      | Found a transporter.
  6228 | D:7      | Noticed TimeIsEndless's ghost (novice DECj)
  6238 | D:7      | Noticed a queen bee
  6298 | D:7      | Noticed Prince Ribbit
  6305 | D:7      | Killed Prince Ribbit
  6389 | D:7      | Noticed Harold
  6399 | D:7      | Reached skill level 9 in Fighting
  6422 | D:7      | Killed Harold
  6423 | D:7      | Reached XP level 9. HP: 9/85 MP: 9/9
  6716 | D:7      | Reached skill level 10 in Fighting
  7146 | D:7      | Found a transporter.
  7448 | D:8      | Noticed Grum
  7454 | D:8      | Gained mutation: You expend magic power (3 MP) to
                  | strengthen your wands. [potion of mutation]
  7454 | D:8      | Gained mutation: You are partially covered in large bone
                  | plates. (SH +4) [potion of mutation]
  8102 | D:7      | Reached skill level 11 in Fighting
  8102 | D:7      | Reached XP level 10. HP: 95/95 MP: 10/10
  8205 | D:8      | Noticed a two-headed ogre
  8258 | Temple   | Entered the Ecumenical Temple
  8666 | D:8      | Noticed Gastronok
  8683 | D:8      | Killed from afar by Gastronok

Illustrated notes

Levels and vault maps discovered:
D:1:      onia_arrival_mini_spirals, layout_loops_corners,
          serial_co_window_serial, co_window_of_opportunity_a,
          co_window_of_opportunity_a, co_window_paths_b,
          co_window_of_opportunity_a, co_window_paths_b, co_window_paths_b,
          co_window_2corner, co_window_of_opportunity_b, co_window_broadway_c,
          co_window_cross_4, co_window_paths_c, co_window_paths_e,
          co_window_4corner_a, glass_columns_c, glass_columns_b
D:2:      layout_rooms, serial_forest, infiniplex_forest_clump_long,
          infiniplex_forest_lined_corner, infiniplex_forest_clump_long,
          infiniplex_forest_end_double, infiniplex_forest_straight_5,
          infiniplex_forest_corner_1, infiniplex_forest_lined_3_way,
          minmay_strange_pillars, uniq_terence, uniq_jessica
D:3:      layout_rooms, general_overflow_altar
D:4:      layout_loops_cross, nzn_wu_jian_council_hall, corexii_shack
D:5:      layout_cave_pods, serial_column_ruins, column_ruins_grid_4,
          column_ruins_columns_straight, column_ruins_grid_2,
          column_ruins_grid_1, column_ruins_open_small, nrook_loot_triangle,
          minivault_1, grunt_ministairs_10
D:6:      layout_loops_corners, minmay_temple_entry_large_hall,
          gammafunk_ghost_stat_death, serial_shops, nicolae_shop_waterfront
D:7:      minmay_flawed_box, layout_basic, gammafunk_ghost_hive,
          grunt_ogre_cave, uniq_harold, uniq_prince_ribbit1
D:8:      layout_cave_pools, gammafunk_temple_overflow_statue,
          hangedman_little_slice_of_home, uniq_gastronok, uniq_grum, uniq_joseph
Temple:   dpeg_five_rooms_temple

Skill      XL: |  1  2  3  4  5  6  7  8  9 |
---------------+----------------------------+-----
Fighting       | 4 5 6 7 9 11 | 11.1
Axes           | 3 4 5 7 8 |  8.7
Armour         | 4 5 6 7 |  7.6
Shields        | 4 5 6 7 |  7.7

Action                   |  1- 3 |  4- 6 |  7- 9 | 10-12 || total
-------------------------+-------+-------+-------+-------++-------
Melee: War axe           |    58 |   195 |   338 |    32 ||   623
  Use: Potion            |     1 |     1 |     8 |       ||    10
       Scroll            |       |       |     7 |     5 ||    12
 Stab: Invisible         |       |       |     3 |       ||     3
Armor: Scale mail        |    26 |    81 |       |       ||   107
       Plate armour      |       |       |   318 |     2 ||   320
Dodge: Dodged            |    18 |   127 |   198 |     6 ||   349
Block: Kite shield       |    32 |   142 |   302 |    12 ||   488

Table legend: (Time is in decaauts)
 A = Elapsed time spent in this place.
 B = Non-inter-level travel time spent in this place.
 C = Inter-level travel time spent in this place.
 D = Time resting spent in this place.
 E = Time spent auto-exploring this place.
 F = Levels seen in this place.
 G = Mean time per level.
                   A        B        C        D        E       F      G
               +--------+--------+--------+--------+--------+-----+--------+
         Total |   8954 |   8612 |    342 |   1705 |   5533 |   9 |  994.9 |
       Dungeon |   8689 |   8397 |    292 |   1705 |   5318 |   8 | 1086.1 |
        Temple |    264 |    215 |     49 |      0 |    215 |   1 |  264.0 |
               +--------+--------+--------+--------+--------+-----+--------+

Top non-repeatable levels by time:
     D:7: 1896 daAuts
     D:1: 1561 daAuts
     D:3: 1202 daAuts
     D:5: 1121 daAuts
     D:6: 1000 daAuts
     D:4: 817 daAuts
     D:2: 779 daAuts
     D:8: 310 daAuts
  Temple: 264 daAuts
